Map: Catalyst LE

Players

sLivko

  • Race: Zerg Zerg
  • League: Grandmaster
  • Spawn Location: 11:00

Majestuoso (MajeStic) - Winner!

  • Race: Protoss Protoss
  • Spawn Location: 5:00

Event: WESG Barcelona European Finals 2017

VOD

Have the link to the VOD?

Description

Time

  • Played on: Nov. 24, 2017, 8:16 a.m.
  • Length: 8:02

All games in this series

Show
View Real Time Build Order
Export as new Build Order

sLivko Zerg 

Build Orders: Hatch First 

Get SALT Encoding   

  12  0:01  Drone  
  13  0:13  Overlord  
  13  0:17  Drone  
  14  0:31  Drone x2  
  14  0:35  Drone  
  17  0:53  Hatchery  
  17  0:55  Drone  
  17  0:58  Drone  
  18  1:09  Extractor  
  17  1:13  Spawning Pool  
  17  1:16  Drone  
  17  1:20  Drone  
  18  1:28  Drone  
  19  1:39  Overlord  
  19  1:52  Drone  
  20  1:59  Queen  
  20  2:00  Zergling x2  
  23  2:04  Queen  
  23  2:05  Drone  
  26  2:13  Metabolic Boost, Drone  
  27  2:17  Zergling x2  
  27  2:22  Drone  
  29  2:27  Drone  
  30  2:38  Drone  
  30  2:40  Hatchery  
  30  2:42  Drone  
  31  2:44  Drone  
  31  2:48  Overlord  
  32  2:54  Drone  
  32  2:57  Queen  
  35  3:02  Drone  
  36  3:08  Drone x2  
  36  3:09  Drone  
  36  3:10  Drone x2  
  41  3:13  Overlord  
  41  3:17  Drone x2  
  41  3:19  Drone  
  44  3:24  Overlord  
  44  3:34  Spore Crawler x2  
  44  3:37  Zergling x2  
  43  3:46  Drone x7, Extractor  
  49  3:49  Roach Warren  
  49  3:53  Queen  
  50  3:56  Drone  
  50  3:59  Drone  
  50  4:02  Overlord  
  51  4:04  Drone  
  52  4:13  Overlord  
  52  4:22  Lair  
  52  4:23  Zergling x4  
  54  4:24  Spore Crawler  
  54  4:29  Queen, Drone x3  
  54  4:30  Roach  
  60  4:32  Roach  
  60  4:35  Roach  
  64  4:39  Roach  
  64  4:40  Roach  
  64  4:42  Roach  
  70  4:46  Drone x2  
  70  4:49  Drone x3  
  70  4:51  Drone  
  76  4:53  Drone  
  76  4:55  Drone, Extractor  
  76  4:56  Drone  
  76  4:59  Drone x2  
  80  5:01  Drone  
  80  5:03  Overlord  
  80  5:06  Overlord  
  81  5:12  Overlord  
  81  5:14  Extractor  
  81  5:15  Evolution Chamber  
  81  5:16  Extractor  
  81  5:17  Drone, Evolution Chamber  
  81  5:19  Extractor  
  81  5:20  Overseer  
  77  5:22  Drone x3  
  77  5:24  Drone x2  
  77  5:26  Drone  
  83  5:30  Hydralisk Den, Drone  
  83  5:31  Drone  
  83  5:32  Drone  
  83  5:33  Drone  
  86  5:36  Drone x2  
  86  5:38  Drone x2  
  86  5:40  Drone  
  91  5:50  Overlord  
  91  5:55  Overlord  
  89  5:59  Drone x3  
  89  6:03  Drone x2  
  93  6:06  Hydralisk x2  
  93  6:08  Hydralisk, Lurker Den  
  98  6:14  Overlord  
  98  6:17  Hydralisk x2  
  102  6:21  Muscular Augments  
  102  6:27  Hydralisk x3  
  102  6:30  Zergling x8  
  112  6:34  Roach x2  
  112  6:35  Ravager  
  112  6:38  Roach x2  
  112  6:39  Overlord x2  
  121  6:41  Overlord x2  
  121  6:43  Overlord  
  121  6:44  Overlord  
  121  6:46  Overlord  
  121  6:49  Overlord  
  116  6:59  Roach x2  
  116  7:01  Roach  
  112  7:03  Roach x2  
  112  7:04  Overlord  
  112  7:06  Roach  
  112  7:08  Roach x2  
  116  7:09  Roach x2  
  108  7:16  Roach  
  108  7:18  Ravager x4  
  108  7:19  Roach, Ravager  
  108  7:20  Roach  
  116  7:25  Roach  
  114  7:31  Roach  
  114  7:35  Roach  
  116  7:42  Roach  
Show
View Real Time Build Order
Export as new Build Order

Majestuoso Protoss - Winner!

Build Orders: 1 Gate Expand, Zealot Archon, Dark Templar Rush 

Get SALT Encoding   

  12  0:01  Probe  
  13  0:13  Probe  
  14  0:18  Pylon  
  14  0:25  Probe (Chrono Boost)  
  15  0:37  Probe (Chrono Boost)  
  15  0:41  Gateway  
  16  0:47  Probe (Chrono Boost), Assimilator  
  17  0:51  Probe  
  18  1:03  Probe (Chrono Boost)  
  20  1:13  Probe (Chrono Boost)  
  20  1:24  Nexus  
  20  1:33  Cybernetics Core  
  20  1:36  Probe  
  21  1:42  Assimilator  
  21  1:48  Probe  
  21  1:54  Pylon  
  22  2:01  Probe  
  23  2:10  Warp Gate  
  23  2:13  Probe  
  23  2:14  Adept (Chrono Boost)  
  26  2:23  Twilight Council  
  26  2:25  Probe  
  27  2:31  Adept  
  29  2:39  Probe (Chrono Boost)  
  31  2:47  Probe (Chrono Boost)  
  31  2:50  Probe x2 (Chrono Boost)  
  33  2:55  Robotics Facility, Probe  
  34  3:04  Probe (Chrono Boost)  
  35  3:08  Probe (Chrono Boost)  
  35  3:09  Dark Shrine  
  38  3:20  Probe (Chrono Boost)  
  38  3:21  Probe (Chrono Boost)  
  38  3:22  Probe  
  38  3:26  Probe  
  38  3:27  Gateway  
  40  3:33  Gateway  
  40  3:34  Probe  
  40  3:38  Gateway  
  40  3:39  Probe  
  42  3:45  Pylon  
  42  3:50  Probe  
  42  3:53  Warp Prism (Chrono Boost)  
  42  3:55  Probe  
  46  3:59  Assimilator  
  46  4:01  Assimilator  
  46  4:03  Probe  
  46  4:07  Pylon  
  46  4:08  Probe (Chrono Boost)  
  48  4:17  Probe (Chrono Boost)  
  49  4:28  Probe x2 (Chrono Boost)  
  49  4:29  Nexus  
  49  4:30  Pylon  
  50  4:34  Probe  
  50  4:37  Blink (Chrono Boost)  
  51  4:40  Sentry x2  
  55  4:49  Dark Templar  
  55  4:50  Dark Templar  
  55  4:52  Shield Battery  
  59  5:00  Immortal (Chrono Boost)  
  63  5:13  Sentry x2  
  67  5:14  Pylon  
  67  5:19  Pylon  
  67  5:23  Pylon  
  67  5:26  Stalker  
  69  5:29  Archon  
  69  5:34  Gateway  
  69  5:35  Immortal (Chrono Boost)  
  73  5:36  Gateway  
  73  5:41  Gateway  
  73  5:46  Gateway  
  73  5:52  Sentry x3  
  79  5:58  Probe x2  
  81  6:04  Stalker  
  81  6:05  Probe  
  81  6:10  Probe  
  85  6:12  Warp Prism (Chrono Boost)  
  87  6:20  Pylon  
  87  6:21  Pylon  
  87  6:24  Stalker x2  
  91  6:29  Stalker  
  91  6:30  Stalker  
  95  6:38  Sentry  
  97  6:43  Stalker x3  
  103  6:58  Stalker x2  
  103  6:59  Stalker  
  109  7:05  Stalker  
  109  7:06  Stalker x2  
  111  7:19  Stalker  
  111  7:30  Stalker x4  
Tags
 
Add a new tag
Caveats
  • Supply blocks, unpowered buildings, or Contaminate may cause inaccurate times.
  • Supply counts are checked every 10 seconds.